 Dungeon Crawl Stone Soup version 0.31-a0-879-g1609e0ac53 (webtiles) character file.

Game seed: 13405763479742857067

61 Warped the Caller (level 3, -4/19 HPs)
             Began as a Deep Elf Summoner on Oct 15, 2023.
             Slain by a hobgoblin (7 damage)
             ... led by Robin
             ... on level 2 of the Dungeon.
             The game lasted 00:04:23 (1312 turns).

Warped the Caller (Deep Elf Summoner)               Turns: 1312, Time: 00:04:25

Health: -4/19      AC:  2    Str:  5    XL:     3   Next: 83%
Magic:  8/11       EV: 12    Int: 21    God:
Gold:   103        SH:  0    Dex: 15    Spells: 2/11 levels left

rFire   . . .        a - +0 long sword
rCold   . . .        (no shield)
rNeg    . . .        w - +0 robe
rPois   .            (no helmet)
rElec   .            (no cloak)
rCorr   .            (no gloves)
SInv    .            (no boots)
Will    .....        (no amulet)
Stlth   ++           (no ring)
HPRegen 0.23/turn    (no ring)
MPRegen 0.12/turn

%: no passive effects
@: hasted, very quick
A: no striking features
a: no special abilities


You were on level 2 of the Dungeon.
You visited 1 branch of the dungeon, and saw 2 of its levels.

You collected 103 gold pieces.

Inventory:

Hand Weapons
 a - a +0 long sword (weapon)
 b - a +0 dagger
 f - a +0 spear
 k - a +0 sling
Missiles
 i - 6 javelins (quivered)
Armour
 h - a +0 buckler
 w - a +0 robe (worn)
Scrolls
 c - 2 scrolls of identify {unknown}
Potions
 e - a potion of cancellation {unknown}
 g - a potion of magic
 j - a potion of might {unknown}
 l - 2 potions of mutation {unknown}


   Skills:
 + Level 0.1 Short Blades
 - Level 2.4 Dodging
 + Level 3.4 Stealth
 * Level 4.6 Spellcasting
 + Level 4.8 Summonings


You had 2 spell levels left.
You knew the following spells:

 Your Spells              Type           Power      Damage    Failure   Level
a - Summon Small Mammal   Summ           100%       N/A       1%          1
b - Call Imp              Summ           50%        N/A       2%          2
c - Call Canine Familiar  Summ           25%        N/A       4%          3
d - Summon Guardian Gole  Hex/Summ       14%        N/A       13%         3

Your spell library contained the following spells:

 Spells                   Type           Power      Damage    Failure   Level
 Summon Lightning Spire   Summ/Air       14%        N/A       38%         4


Dungeon Overview and Level Annotations

Branches:
Dungeon (2/15)

Altars:

Annotations:
D:2 Robin


Message History

A tiny devil pulls itself out of the air.
The goblin hits you but does no damage. The hobgoblin closely misses you.
Casting: Call Imp (safe; 2% risk of failure)
Confirm with . or Enter, or press ? or * to list all spells.
The hobgoblin misses you. Robin closely misses your quokka.
The goblin barely misses you. The hobgoblin closely misses you.
The goblin closely misses you.
Your cerulean imp hits the goblin from afar with a -2 spear.
The goblin dies!
The hobgoblin attacks as it pursues you!
The hobgoblin completely misses you. Robin barely misses your quokka.
The goblin closely misses you.
Your quokka closely misses the hobgoblin.
Your cerulean imp hits the goblin with a -2 spear.
Found 4 large rocks.
Robin barely misses your quokka.
The hobgoblin attacks as it pursues you!
The hobgoblin barely misses you.
Your cerulean imp misses the goblin.
Casting: Summon Small Mammal (safe; 1% risk of failure)
Confirm with . or Enter, or press ? or * to list all spells.
A hobgoblin comes into view.
Your quokka closely misses the hobgoblin.
The goblin hits you but does no damage. The hobgoblin closely misses you.
Your cerulean imp hits the goblin with a -2 spear.
The goblin attacks as it pursues you! The goblin closely misses you.
The hobgoblin attacks as it pursues you!
The hobgoblin hits you.
* * * LOW HITPOINT WARNING * * *
Your cerulean imp misses the goblin.
Your quokka barely misses the hobgoblin.
Robin barely misses your quokka. The goblin attacks as it pursues you!
The goblin barely misses you.
Your quokka closely misses the hobgoblin.
Your cerulean imp closely misses the goblin.
It was a potion of haste.
You feel yourself speed up.
The goblin no longer looks unusually strong.
Your quokka closely misses the hobgoblin.
The goblin hits you with a +0 dagger.
* * * LOW HITPOINT WARNING * * *
The hobgoblin hits you!
You die...

.#.####.........#.....##
..........[..............
.....##########.#########
##.#.#..........#
...#.#..........######
.)...#.....[...###:..####.#
.#####.........# #.5......#
## #.........###...†# #
#..........@ggrg.# #
#.........##g.r..# #
#.........##.....g..(
######.........###...#.###
...............###...#.#
##......######.....###.#
#....#..## #.....# .#
#....##..# #.....#
#....###.####.....#


You could see Robin, 3 hobgoblins, a goblin (ally target), a friendly cerulean
imp (summoned) and 2 friendly quokkas.

Vanquished Creatures
  A goblin (D:1)
  A hobgoblin (D:2)
  A jackal (D:1)
  A bat (D:1)
4 creatures vanquished.

Vanquished Creatures (collateral kills)
  2 adders (D:2)
  2 dart slugs
  6 bats
  2 endoplasms (D:1)
  2 giant cockroaches
  3 goblins
  2 hobgoblins
  2 jackals (D:1)
  2 quokkas (D:1)
  2 ball pythons (D:1)
  3 frilled lizards (D:1)
  2 kobolds
  3 rats (D:1)
33 creatures vanquished.

Grand Total: 37 creatures vanquished

Notes
Turn   | Place    | Note
-------+----------+-------------------------------------------
     0 | D:1      | Warped the Deep Elf Summoner began the quest for the Orb.
     0 | D:1      | Reached XP level 1. HP: 10/10 MP: 6/6
   104 | D:1      | Reached XP level 2. HP: 14/15 MP: 5/8
   431 | D:1      | Learned a level 2 spell: Call Imp
   969 | D:1      | Reached XP level 3. HP: 19/19 MP: 7/10
  1075 | D:2      | Learned a level 3 spell: Call Canine Familiar
  1079 | D:2      | Learned a level 3 spell: Summon Guardian Golem
  1299 | D:2      | Noticed Robin
  1312 | D:2      | Slain by a hobgoblin

Illustrated notes

Levels and vault maps discovered:
D:1:      saegor_arrival_simple_e, layout_loops_cross, minmay_tiny_reverse_x
D:2:      layout_basic, basic_altar, serial_shops, nicolae_shop_mannequins,
          uniq_sigmund, uniq_robin

Skill      XL: |  1  2 |
---------------+-------+-----
Stealth        | 3 |  3.4
Spellcasting   | 4 |  4.6
Short Blades   | |  0.1
Dodging        | |  2.4
Summonings     | |  4.8

Action                     || total
---------------------------++-------
  Melee: Unarmed           ||    20
         Long sword        ||     5
   Cast: Summon Small Mamm ||    38
         Call Imp          ||    16
    Use: Potion            ||     1
   Stab: Distracted        ||     2
 Armour: Robe              ||    38
  Dodge: Dodged            ||    65

Table legend: (Time is in decaauts)
 A = Elapsed time spent in this place.
 B = Non-inter-level travel time spent in this place.
 C = Inter-level travel time spent in this place.
 D = Time resting spent in this place.
 E = Time spent auto-exploring this place.
 F = Levels seen in this place.
 G = Mean time per level.
                   A        B        C        D        E       F      G
               +--------+--------+--------+--------+--------+-----+--------+
         Total |   1312 |   1300 |     12 |      0 |    867 |   2 |  656.0 |
       Dungeon |   1312 |   1300 |     12 |      0 |    867 |   2 |  656.0 |
               +--------+--------+--------+--------+--------+-----+--------+

Top non-repeatable levels by time:
     D:1: 1057 daAuts
     D:2: 254 daAuts
